 Dungeon Crawl Stone Soup version 0.28-a0-750-g7c675f85b1 (webtiles) character file.

Game seed: 14639974071396094557

42 Leszczynek the Insei (level 3, 29/29 HPs)
             Began as a Human Gladiator on Oct 29, 2021.
             Was an Initiate of Ru.
             Quit the game on level 3 of the Dungeon.
             The game lasted 00:05:43 (685 turns).

Leszczynek the Insei (Human Gladiator)               Turns: 685, Time: 00:05:43

Health: 29/29      AC:  6    Str: 14    XL:     3   Next: 80%
Magic:  3/3        EV: 11    Int:  9    God:    Ru [......]
Gold:   37         SH:  0    Dex: 14    Spells: 1/2 levels left

rFire   . . .      SeeInvis .   a - +1 dagger (venom)
rCold   . . .      Faith    .   (no shield)
rNeg    . . .      Spirit   .   i - +0 ring mail
rPois   .          Reflect  .   b - +0 helmet
rElec   .          Harm     .   (no cloak)
rCorr   .          Rampage  .   (no gloves)
Will    .....                   (no boots)
Stlth   +.........              (no amulet)
HPRegen 0.09/turn               o - ring of wizardry
MPRegen 0.08/turn               (no ring)

@: no status effects
A: no striking features
a: Renounce Religion, Sacrifice Health, Sacrifice an Eye, Sacrifice Artifice,
Reject Sacrifices


You were on level 3 of the Dungeon.
You worshipped Ru.
Ru was noncommittal.
You visited 1 branch of the dungeon, and saw 3 of its levels.

You collected 37 gold pieces.

Inventory:

Hand Weapons
 a - a +1 dagger of venom (weapon)
 e - a +0 scimitar
Missiles
 c - 2 throwing nets (quivered)
 d - 38 arrows
 f - 35 bolts
 n - 3 boomerangs
Armour
 b - a +0 helmet (worn)
 g - a +0 leather armour
 i - a +0 ring mail (worn)
Jewellery
 o - a ring of wizardry (left hand)
Scrolls
 j - a scroll of fear {unknown}
 k - 2 scrolls of identify {unknown}
 l - a scroll of enchant armour {unknown}
Potions
 h - 2 potions of mutation {unknown}
 m - a potion of brilliance {unknown}


   Skills:
 * Level 3.3 Fighting
 - Level 2.0 Throwing
 - Level 3.0 Dodging
 + Level 3.5 Unarmed Combat


You had one spell level left.
You knew the following spells:

 Your Spells              Type           Power      Damage    Failure   Level
a - Animate Skeleton      Necr           0%         N/A       32%         1

Your spell library contained the following spells:

 Spells                   Type           Power      Damage    Failure   Level
 Pain                     Necr           0%         1d4       32%         1
 Blink                    Tloc           0%         N/A       43%         2
 Gell's Gravitas          Tloc           0%         N/A       65%         3
 Lesser Beckoning         Tloc           0%         N/A       65%         3
 Teleport Other           Tloc           0%         N/A       65%         3
 Vampiric Draining        Necr           0%         2d6       65%         3
 Manifold Assault         Tloc           0%         N/A       100%        5


Dungeon Overview and Level Annotations

Branches:
Dungeon (3/15)

Altars:
Ru


Message History

You hit the goblin.
The goblin is poisoned.
The goblin is moderately wounded.
You kill the goblin!
Things that are here:
a +0 dagger; a goblin corpse
Found a book of Necromancy.
You pick up a book of Necromancy and begin reading...
You add the spells Pain, Animate Skeleton and Vampiric Draining to your library.
Okay, then.
o - a ring of wizardry (left hand) Memorise Animate Skeleton, consuming 1 spell level and leaving 1?
You start memorising the spell.
You continue memorising.
You finish memorising.
Spell assigned to 'a'.
You open the door.
There is an open door here.
Found 14 gold pieces.
Found a faded altar of an unknown god.
A rat comes into view.
Found a book of Pain and 14 gold pieces.
The rat bites you.
You hit the rat.
You kill the rat!
Found 2 emerald potions.
You see here a rat corpse.
An ice beast comes into view.
Press: ? - help, v - describe, . - travel
Here: an ice beast The floor.
You aren't carrying any items that you can evoke.
Unknown command.
You see here 14 gold pieces.
You now have 37 gold pieces (gained 14).
There is a faded altar of an unknown god here.
You cannot tell which god this altar belongs to.
Convert to them anyway?
Okay, then.
You cannot tell which god this altar belongs to.
Convert to them anyway?
Ru accepts your prayer! Ru welcomes you!
Ru believes you are ready to make a new sacrifice.
Okay, then.
Are you sure you want to abandon this character and quit the game? (Confirm with "yes".)

#.. #.. ###..
....# #
#...#####
#.##......#
#.........#
#.⌠.@..# # .#
###....Y#$###.#
.#
#....†......:..
.# .#
###.#.###!###.#
.##.# ###...###
.. .##.#
#.......# ##
.##.# .#
#.......# .##.#
#.# ##.......+
.##.#
#.#.##.......#


You could see an ice beast.

Vanquished Creatures
  2 adders (D:3)
  An orc (D:3)
  An endoplasm (D:2)
  2 giant cockroaches (D:3)
  5 goblins
  2 jackals (D:2)
  2 kobolds (D:1)
  A ball python (D:2)
  A bat (D:1)
  6 rats
23 creatures vanquished.

Notes
Turn   | Place    | Note
-------+----------+-------------------------------------------
     0 | D:1      | Leszczynek the Human Gladiator began the quest for the Orb.
     0 | D:1      | Reached XP level 1. HP: 16/16 MP: 1/1
   142 | D:1      | Reached XP level 2. HP: 15/23 MP: 2/2
   539 | D:3      | Reached skill level 3 in Fighting
   539 | D:3      | Reached XP level 3. HP: 28/29 MP: 3/3
   659 | D:3      | Learned a level 1 spell: Animate Skeleton
   670 | D:3      | Found a faded altar of an unknown god.
   678 | D:3      | Noticed an ice beast
   684 | D:3      | Prayed at the altar of an unknown god.
   684 | D:3      | Became a worshipper of Ru the Awakened
   685 | D:3      | Quit the game

Illustrated notes

Levels and vault maps discovered:
D:1:      dpeg_arrival_windows_large_door, layout_loops_ring
D:2:      wad_pebble_path, layout_basic, serial_shops, shop_fountains,
          serial_curves, eino_curves_03, eino_curves_04, eino_curves_02
D:3:      layout_basic, mainiacjoe_overflow_alcove_4,
          hellmonk_ecumenical_altar_run_dry

Skill      XL: |  1  2 |
---------------+-------+-----
Fighting       | 3 |  3.3
Throwing       | |  2.0
Dodging        | |  3.0
Unarmed Combat | |  3.5

Action                   || total
-------------------------++-------
Melee: Unarmed           ||    42
       Dagger            ||    40
       Punch             ||     1
Throw: Throwing net      ||     3
 Stab: Held in net/web   ||     2
Armor: Leather armour    ||    14
       Ring mail         ||    12
Dodge: Dodged            ||    47

Table legend: (Time is in decaauts)
 A = Elapsed time spent in this place.
 B = Non-inter-level travel time spent in this place.
 C = Inter-level travel time spent in this place.
 D = Time resting spent in this place.
 E = Time spent auto-exploring this place.
 F = Levels seen in this place.
 G = Mean time per level.
                   A        B        C        D        E       F      G
               +--------+--------+--------+--------+--------+-----+--------+
         Total |    700 |    681 |     19 |      0 |      0 |   3 |  233.3 |
       Dungeon |    700 |    681 |     19 |      0 |      0 |   3 |  233.3 |
               +--------+--------+--------+--------+--------+-----+--------+

Top non-repeatable levels by time:
     D:1: 378 daAuts
     D:2: 165 daAuts
     D:3: 156 daAuts
